 Dungeon Crawl Stone Soup version 0.32-a0-411-g744942f433 (webtiles) character file.

Game seed: 13040898976688860251

396 BubbleThief the Sneak (level 6, 0/32 HPs)
             Began as a Vampire Enchanter on Feb 20, 2024.
             Slain by a kobold
             ... wielding a +0 short sword
              (3 damage)
             ... on level 3 of the Dungeon.
             The game lasted 00:04:10 (2817 turns).

BubbleThief the Sneak (Vampire Enchanter)           Turns: 2817, Time: 00:04:11

Health: 0/32       AC:  3    Str:  7    XL:     6   Next: 52%
Magic:  0/9        EV: 12    Int: 17    God:
Gold:   60         SH:  0    Dex: 17    Spells: 7/9 levels left

rFire   . . .        j - +1 dagger (speed)
rCold   + + .        (no shield)
rNeg    + + +        b - +0 robe
rPois   ∞            g - +0 helmet
rElec   .            (no cloak)
rCorr   .            (no gloves)
SInv    +            (no boots)
Will    .....        (no amulet)
Stlth   ++++++       (no ring)
HPRegen 0.00/turn    (no ring)
MPRegen 0.11/turn

%: no passive effects
@: bloodless, inhibited regen
A: bloodless, fangs 3, see invisible, vampiric 2
a: Bat Form, Revivify, Convert to Beogh


You were on level 3 of the Dungeon.
You visited 1 branch of the dungeon, and saw 4 of its levels.

You collected 60 gold pieces.

Inventory:

Hand Weapons
 j - a +1 dagger of speed (weapon)
Missiles
 n - 5 atropa-tipped darts (quivered)
Armour
 b - a +0 robe (worn)
 g - a +0 helmet (worn)
Jewellery
 d - an amulet of guardian spirit
Scrolls
 a - a scroll of brand weapon {unknown}
 e - 4 scrolls of identify {unknown}
 k - a scroll of immolation {unknown}
 m - a scroll of blinking {unknown}
 o - a scroll of silence {unknown}
Potions
 c - 2 potions of invisibility
 f - 2 potions of brilliance {unknown}
 h - 2 potions of degeneration {unknown}
 i - 2 potions of attraction {unknown}
 l - a potion of heal wounds {unknown}


   Skills:
 + Level 4.3 Short Blades
 - Level 2.1 Dodging
 + Level 7.5 Stealth
 - Level 2.0 Spellcasting
 + Level 7.1 Hexes


You had 7 spell levels left.
You knew the following spells:

 Your Spells              Type           Power      Damage    Failure   Level
a - Ensorcelled Hibernat  Hex/Ice        26%        N/A       7%          2

Your spell library contained the following spells:

 Spells                   Type           Power      Damage    Failure   Level
 Slow                     Hex            100%       N/A       1%          1
 Confusing Touch          Hex            26%        N/A       3%          3
 Sigil of Binding         Hex            26%        N/A       3%          3
 Tukima's Dance           Hex            26%        N/A       3%          3
 Dazzling Flash           Conj/Hex       26%        N/A       14%         3
 Blink                    Tloc           2%         N/A       28%         2
 Lesser Beckoning         Tloc           2%         N/A       28%         2
 Momentum Strike          Conj/Tloc      2%         3d8       28%         2
 Anguish                  Hex/Necr       6%         N/A       41%         4
 Dimensional Bullseye     Hex/Tloc       6%         N/A       41%         4
 Call Canine Familiar     Summ           1%         N/A       50%         3
 Fugue of the Fallen      Necr           1%         N/A       50%         3
 Vampiric Draining        Necr           1%         2d6       50%         3


Dungeon Overview and Level Annotations

Branches:
Dungeon (4/15)
 Temple: D:4-7

Altars:

Annotations:
D:3 3 runed translucent doors, discipleofbeogh's ghost, amateur MDFE


Innate Abilities, Weirdness & Mutations

You do not regenerate when monsters are visible.
You are frail without blood (-20% HP).
You can heal yourself when you bite living creatures.
You are immune to poison.
You have razor-sharp teeth.
You have supernaturally acute eyesight. (SInv)
You are afflicted with vampirism and can become a bat while bloodless.


Message History

The kobold closely misses you. The orc priest misses you.
The orc priest shouts, "Beogh offers mercy even to people such as you.
Join us and be reborn!"
Your magical contamination has completely faded away.
You climb upwards.
Level annotation: 3 runed translucent doors, discipleofbeogh's ghost, amateur MDFE
There is a stone staircase leading down here.
Unknown command.
Casting: Ensorcelled Hibernation (safe; 7% risk of failure)
Confirm with . or Enter, or press ? or * to list all spells.
Aiming: Ensorcelled Hibernation (safe; 7% risk of failure)
Press: ? - help, Shift-Dir - straight line, f - orc priest
Aim: an orc priest, wielding a +0 war axe (chance to affect: 47%)
The orc priest resists with some effort.
The orc priest shouts, "The Pantheon deserves no one's loyalty.
Let us show you the true path!" The kobold barely misses you.
The orc priest mumbles some strange prayers to Beogh against you.
Beogh smites you!
* * * LOW HITPOINT WARNING * * *
Unknown command.
Unknown command.
You hit the orc priest.
The orc priest shouts, "The Pantheon deserves no one's loyalty.
Let us show you the true path!"
The orc priest is moderately wounded.
Unknown command.
The orc priest shouts, "Surrender to Beogh and we'll let you live!"
You hit the orc priest but do no damage.
The orc priest is moderately wounded.
The kobold hits you with a +0 short sword.
* * * LOW HITPOINT WARNING * * *
The orc priest closely misses you.
Unknown command.
You hit the orc priest but do no damage.
You bite the orc priest, but do no damage.
The orc priest is moderately wounded.
Unknown command.
You hit the orc priest but do no damage.
Your bite misses the orc priest.
The orc priest is moderately wounded.
The kobold hits you with a +0 short sword.
You die...

.####.####.#.######.....#.#
......# #.#..............#
####### #.########..)..#.#
#.# #.....#.# #.# ###.###.#
#.# ##.###.## #.#
#####...##..# #.#
#.K.....###.#
#.#####@###...# #.#
#.##...o#####.###.#
#.##.##..###.#.##.#
#.#...............#
##########.#.............###
..............#########..#
###########...#Wg.....#..#
## #...#b.###..#..# .#
#...+h.###!.#..#


You could see an orc priest and a kobold.

Vanquished Creatures
  Pargi (D:3)
  An ogre (D:3)
  An orc priest (D:4)
  An orc wizard (D:3)
  5 adders
  2 dart slugs (D:1)
  A ribbon worm (D:2)
  6 orcs (D:3)
  8 ball pythons
  4 bats
  7 endoplasms
  4 giant cockroaches
  4 goblins
  4 hobgoblins
  3 jackals (D:3)
  4 kobolds
  3 quokkas
  2 frilled lizards (D:1)
  3 rats
64 creatures vanquished.

Notes
Turn   | Place    | Note
-------+----------+-------------------------------------------
     0 | D:1      | BubbleThief the Vampire Enchanter began the quest for the
                  | Orb.
     0 | D:1      | Reached XP level 1. HP: 13/13 MP: 3/3
   279 | D:1      | Reached XP level 2. HP: 15/19 MP: 5/5
   304 | D:1      | Learned a level 2 spell: Ensorcelled Hibernation
   326 | D:1      | Reached skill level 5 in Stealth
   381 | D:1      | Reached skill level 5 in Hexes
   422 | D:1      | Gained mutation: You are afflicted with vampirism and can
                  | become a bat while bloodless. [Vampire growth]
   422 | D:1      | Reached XP level 3. HP: 20/24 MP: 6/6
   895 | D:1      | Found a faded altar of an unknown god.
  1502 | D:2      | Reached XP level 4. HP: 30/30 MP: 0/7
  2079 | D:3      | Noticed Pargi
  2114 | D:3      | Killed Pargi
  2115 | D:3      | Reached XP level 5. HP: 28/28 MP: 5/8
  2177 | D:3      | Noticed an ogre
  2185 | D:3      | Killed an ogre
  2186 | D:3      | Reached XP level 6. HP: 32/32 MP: 9/9
  2407 | D:3      | Noticed discipleofbeogh's ghost (amateur MDFE)
  2426 | D:3      | Found a runed translucent gate.
  2426 | D:3      | Found a runed translucent gate.
  2428 | D:3      | Found a runed translucent gate.
  2628 | D:3      | Identified the +4 hand axe "Kuatseno" {flame, MP+9}
  2817 | D:3      | Slain by a kobold

Illustrated notes

Levels and vault maps discovered:
D:1:      scummos_arrival_simple_crosswalls, layout_basic,
          nicolae_ecumenical_lake_church, chequers_decorated_corner
D:2:      layout_loops_ring
D:3:      layout_loops_ring, gammafunk_ghost_split, uniq_pargi
D:4:      layout_loops_corners, serial_aquarium, aquarium_bridge_square
          [aquarium_subvault_bridge, aquarium_subvault_wall,
          aquarium_subvault_balcony, aquarium_subvault_balcony],
          aquarium_window_fake, aquarium_window_2, aquarium_window_fake,
          aquarium_view_2f, aquarium_view_2a, aquarium_balcony_double_2,
          st_stairs_11, nicolae_half_adder

Skill      XL: |  1  2  3  4  5  6 |
---------------+-------------------+-----
Stealth        | 5 6 7 |  7.5
Short Blades   | 2 3 4 |  4.3
Hexes          | 5 6 7 |  7.1
Dodging        | |  2.1
Spellcasting   | |  2.0

Action                     |  1- 3 |  4- 6 || total
---------------------------+-------+-------++-------
  Melee: Dagger            |   108 |   153 ||   261
         Bite              |    10 |    18 ||    28
   Cast: Ensorcelled Hiber |     3 |     5 ||     8
Ability: Exsanguinate      |       |     1 ||     1
   Stab: Sleeping          |     7 |    10 ||    17
         Distracted        |       |     1 ||     1
 Armour: Robe              |    40 |    41 ||    81
  Dodge: Dodged            |    59 |    74 ||   133

Table legend: (Time is in decaauts)
 A = Elapsed time spent in this place.
 B = Non-inter-level travel time spent in this place.
 C = Inter-level travel time spent in this place.
 D = Time resting spent in this place.
 E = Time spent auto-exploring this place.
 F = Levels seen in this place.
 G = Mean time per level.
                   A        B        C        D        E       F      G
               +--------+--------+--------+--------+--------+-----+--------+
         Total |   2731 |   2620 |    111 |      0 |   2053 |   4 |  682.8 |
       Dungeon |   2731 |   2620 |    111 |      0 |   2053 |   4 |  682.8 |
               +--------+--------+--------+--------+--------+-----+--------+

Top non-repeatable levels by time:
     D:1: 1173 daAuts
     D:3: 777 daAuts
     D:2: 760 daAuts
     D:4: 19 daAuts
